 Dungeon Crawl Stone Soup version 0.17-a0-2122-g03d97ec (webtiles) character file.

5361 brucemayne the Severer (level 10, -3/88 HPs)
             Began as a Hill Orc Berserker on Oct 21, 2015.
             Was an Elder of Trog.
             Killed from afar by a manticore (18 damage)
             ... with a volley of spikes
             ... on level 11 of the Dungeon.
             The game lasted 00:13:32 (2682 turns).

brucemayne the Severer (Hill Orc Berserker)         Turns: 2682, Time: 00:13:32

Health: -3/88      AC: 10    Str: 22    XL:     10   Next: 65%
Magic:  10/10      EV: 12    Int:  9    God:    Trog [****..]
Gold:   173        SH:  0    Dex: 10    Spells: 0 memorised, 9 levels left

rFire  . . .     SeeInvis +     o - +2 war axe (venom)
rCold  . . .     Clarity  .     h - +0 scale mail
rNeg   . . .     SustAt   .     (no shield)
rPois  .         Gourm    .     G - +0 hat
rElec  .         Spirit   .     (no cloak)
rCorr  .         Warding  .     (no gloves)
rMut   .         Stasis   .     f - +1 pair of boots
MR     ++...                    D - amulet of faith
Stlth  ..........               x - +2 ring of evasion
                                t - ring of see invisible

@: exhausted, about to teleport, manticore barbs, regenerating, slowed, very
slow, very resistant to hostile enchantments, extremely unstealthy
A: hooves 1, breathe flames 1
a: Berserk, Trog's Hand, Brothers in Arms, Burn Spellbooks, Renounce Religion,
Breathe Fire


You were on level 11 of the Dungeon.
You worshipped Trog.
Trog was greatly pleased with you.
You were very hungry.

You visited 1 branch of the dungeon, and saw 12 of its levels.

You collected 350 gold pieces.
You spent 177 gold pieces at shops.

Inventory:

Hand Weapons
 a - a +0 hand axe
 i - a +2 dagger of electrocution
 o - a +2 war axe of venom (weapon)
 y - a cursed -1 whip
 B - a +0 battleaxe
 I - a +0 short sword
 O - a +4 war axe
Missiles
 J - 44 poisoned needles
 K - 6 tomahawks (quivered)
 M - 3 large rocks
Armour
 b - a +0 animal skin
 e - a +0 leather armour
 f - a +1 pair of boots (worn)
 h - a +0 scale mail (worn)
 C - a cursed +0 ring mail
 F - a +0 chain mail
 G - a +0 hat (worn)
Jewellery
 t - a ring of see invisible (left hand)
 w - a +3 ring of strength
 x - a +2 ring of evasion (right hand)
 D - an amulet of faith (around neck)
Wands
 g - a wand of enslavement (3)
 j - a wand of flame (34)
Scrolls
 d - a scroll of remove curse
 m - a scroll of enchant weapon
 q - a scroll of brand weapon {unknown}
 r - a scroll of fear {unknown}
 s - a scroll of recharging {unknown}
 u - a scroll of teleportation
 H - a scroll of magic mapping
 P - a scroll of blinking {unknown}
Potions
 c - a potion of degeneration {unknown}
 k - 2 potions of resistance
 l - a potion of brilliance
 n - a potion of curing
 v - a potion of heal wounds {unknown}
 z - a potion of mutation {unknown}
 A - a potion of poison {unknown}
 E - a potion of cancellation {unknown}
 N - a potion of haste {unknown}
Books
 p - a book of Maledictions

   Spells                             Type                      Level
   a - Corona                         Hexes                        1
   b - Ensorcelled Hibernation        Hexes/Ice                    2
   c - Confuse                        Hexes                        3
   d - Tukima's Dance                 Hexes                        3
   e - Dazzling Spray                 Conjuration/Hexes            3
   Trog disapproves of the use of such an item.
Comestibles
 L - 9 chunks of flesh


   Skills:
 + Level 7.8 Fighting
 + Level 16.4 Axes
 + Level 6.7 Armour
 - Level 1.5 Dodging


You had 9 spell levels left.
You didn't know any spells.

Dungeon Overview and Level Annotations

Branches:
Dungeon (12/15)              Lair (0/8) D:10
 Temple: D:4-7          Orc: D:9-12

Altars:
Gozag
Kikubaaqudgha
Sif Muna
Xom
Zin
The Shining One

Shops:
D:7 *   D:9 ?


Innate Abilities, Weirdness & Mutations

You have large cloven feet.
You can breathe flames.


Message History

The volley of spikes hits you!
The barbed spikes become lodged in your body.
* * * LOW HITPOINT WARNING * * *
Found a short sword, 21 stones and a dagger.
Unknown command.
Read which item? (? for menu, Esc to quit)
As you read the scroll of teleportation, it crumbles to dust.
You feel strangely unstable. The crimson imp misses you.
Unknown command.
Drink which item? (? for menu, Esc to quit)
You feel better. The crimson imp barely misses you.
The manticore flicks its tail.
The volley of spikes hits you!
The barbed spikes become lodged in your body.
* * * LOW HITPOINT WARNING * * *
The crimson imp barely misses you.
The manticore flicks its tail.
The volley of spikes hits you!
The barbed spikes become lodged in your body.
You die...

########
##......##
##........#
#..).......
#.........(
#..........
#..@5......
#..........
#.).......#
#........##
..H#######
..#. .##..
#. .#


You could see a manticore and a crimson imp.

Vanquished Creatures
  Gastronok (D:9)
  A cyclops (D:11)
  A troll (D:11)
  A yak (D:11)
  A hippogriff (D:8)
  2 water moccasins
  2 porcupines (D:10)
  A wasp (D:9)
  2 ice beasts
  2 orc warriors
  3 sky beasts
  2 centaurs
  2 phantoms
  4 ogres
  A big kobold (D:10)
  A giant frog (D:8)
  A scorpion (D:6)
  2 crimson imps
  2 jellies
  A centaur zombie (D:9)
  A giant frog skeleton (D:4)
  2 orc priests
  3 hell rats (D:10)
  2 hounds
  8 orc wizards
  3 iguanas
  A killer bee zombie (D:8)
  A worker ant (D:8)
  A hound skeleton (D:4)
  A worker ant zombie (D:6)
  A river rat (D:10)
  2 adders
  7 gnolls
  2 shadow imps
  An ooze (D:5)
  An adder zombie (D:5)
  23 orcs
  A bat (D:1)
  4 goblins
  5 hobgoblins
  6 jackals
  2 giant newts
  4 kobolds (D:10)
  3 rats
118 creatures vanquished.

Vanquished Creatures (others)
  An ogre (D:9)
1 creature vanquished.

Grand Total: 119 creatures vanquished

Notes
Turn   | Place    | Note
--------------------------------------------------------------
     0 | D:1      | brucemayne the Hill Orc Berserker began the quest for the Orb.
     0 | D:1      | Reached XP level 1. HP: 19/19 MP: 1/1
    62 | D:1      | Reached XP level 2. HP: 24/26 MP: 2/2
   202 | D:3      | Reached skill level 5 in Axes
   233 | D:4      | Reached skill level 6 in Axes
   233 | D:4      | Reached XP level 3. HP: 25/31 MP: 3/3
   301 | D:4      | Reached XP level 4. HP: 35/39 MP: 4/4
   365 | D:3      | Noticed an orc warrior
   418 | D:4      | Noticed an ogre
   442 | D:4      | Noticed a phantom
   457 | D:5      | Entered Level 5 of the Dungeon
   538 | D:4      | Killed an ogre
   538 | D:4      | Reached skill level 7 in Axes
   538 | D:4      | Reached XP level 5. HP: 20/45 MP: 5/5
   538 | D:4      | Reached skill level 8 in Axes
   592 | D:5      | Noticed a sky beast
   598 | D:5      | Killed a sky beast
   598 | D:5      | Reached ** piety under Trog
   598 | D:5      | Reached XP level 6. HP: 21/51 MP: 6/6
   627 | D:5      | Reached skill level 9 in Axes
   663 | D:5      | Found a glowing golden altar of the Shining One.
   680 | D:3      | Found an opulent altar of Gozag.
   709 | D:4      | Noticed an ogre
   724 | D:4      | Noticed an ogre
   738 | D:4      | Killed an ogre
   830 | D:6      | Reached skill level 10 in Axes
   830 | D:6      | Reached XP level 7. HP: 41/57 MP: 7/7
   849 | D:6      | Gained mutation: You have large cloven feet. [mutagenic meat]
   850 | D:6      | Gained mutation: You can breathe flames. [mutagenic meat]
   935 | D:7      | Noticed a hungry ghost
  1029 | D:7      | Reached skill level 11 in Axes
  1072 | D:8      | Noticed a hungry ghost
  1177 | D:6      | Noticed a water moccasin
  1184 | D:6      | Killed a water moccasin
  1186 | D:6      | Reached XP level 8. HP: 33/64 MP: 8/8
  1187 | D:6      | Reached skill level 12 in Axes
  1380 | D:7      | Found Afaritio's Assorted Antiques.
  1388 | D:7      | Bought a runed war axe for 73 gold pieces
  1587 | D:7      | Reached skill level 13 in Axes
  1603 | D:7      | Found a deep blue altar of Sif Muna.
  1603 | D:7      | Found an ancient bone altar of Kikubaaqudgha.
  1693 | D:8      | Noticed a hippogriff
  1701 | D:8      | Killed a hippogriff
  1747 | D:8      | Reached skill level 14 in Axes
  1797 | D:8      | Reached *** piety under Trog
  1844 | D:9      | Reached XP level 9. HP: 33/70 MP: 9/9
  1863 | D:9      | Found a glowing silver altar of Zin.
  1863 | D:9      | Noticed an angel
  1871 | D:9      | Found a shimmering altar of Xom.
  1927 | D:10     | Entered Level 10 of the Dungeon
  1983 | D:9      | Reached skill level 15 in Axes
  1996 | D:9      | Noticed Gastronok
  2001 | D:9      | Found Uteonuem's Magic Scroll Shoppe.
  2026 | D:9      | Killed Gastronok
  2026 | D:9      | Reached skill level 5 in Armour
  2026 | D:9      | Reached XP level 10. HP: 80/84 MP: 10/10
  2055 | D:9      | Bought a scroll of teleportation for 48 gold pieces
  2055 | D:9      | Bought a scroll of magic mapping for 56 gold pieces
  2308 | D:10     | Found a staircase to the Lair.
  2331 | D:10     | Reached skill level 16 in Axes
  2384 | D:11     | Noticed a cyclops
  2396 | D:11     | Killed a cyclops
  2590 | D:12     | Noticed a hill giant
  2663 | D:11     | Noticed a manticore
  2671 | D:11     | Reached **** piety under Trog
  2681 | D:11     | Noticed a manticore
  2682 | D:11     | Killed from afar by a manticore

Vault maps used:
D:1:      dpeg_arrival_three_smaller_balls, moated_statue,
          minmay_misc_feat_encased
D:2:      first_bread
D:3:      nicolae_qazlal_style_of_elements, nicolae_ru_awakened_eye,
          fedhas_altar_2, grunt_gozag_statues
D:4:      minmay_misc_feat_iff
D:5:      kennysheep_mini_moat
D:6:      elyvilon_altar_4, temple_green
D:7:      gammafunk_temple_overflow_wave, serial_shops, nicolae_shop_trees,
          grunt_livestock
D:8:      ashenzari_altar_1, abandoned_shop
D:9:      grunt_temple_overflow_order_and_chaos_1, serial_shops, shop, shop,
          kennysheep_little_box, uniq_gastronok
D:10:     dpeg_lair_monsters
D:11:     serial_shops, shop, kennysheep_generic_room_4, uniq_snorg
D:12:     erik_orc_1, wad_rectangle_vault, uniq_kirke

Action                   |  1- 3 |  4- 6 |  7- 9 | 10-12 || total
-------------------------+-------+-------+-------+-------++-------
Melee: Hand axe          |    42 |    74 |   106 |       ||   222
       War axe           |       |       |   100 |   104 ||   204
Invok: Berserk           |     2 |     5 |     6 |     2 ||    15
       Trog's Hand       |       |     1 |     4 |     5 ||    10
 Abil: Breathe Fire      |       |       |     1 |       ||     1
Evoke: Wand              |       |       |     2 |       ||     2
  Use: Scroll            |       |     2 |     3 |     2 ||     7
       Potion            |       |       |     2 |     2 ||     4
  Eat: Bread ration      |       |     1 |       |       ||     1
       Chunk             |       |     2 |    13 |     4 ||    19
       Meat ration       |       |       |     1 |       ||     1
       Beef jerky        |       |       |       |     1 ||     1
